 Dungeon Crawl Stone Soup version 0.23.2 (webtiles) character file.

Game seed: 15443478686271381399

443 teukkam the Covered (level 6, 0/56 HPs)
             Began as a Minotaur Fighter on Apr 2, 2019.
             Slain by Prince Ribbit (1 damage)
             ... on level 5 of the Dungeon.
             The game lasted 00:05:46 (1064 turns).

teukkam the Covered (Minotaur Fighter)              Turns: 1064, Time: 00:05:47

Health: 0/56       AC:  7    Str: 23    XL:     6   Next: 71%
Magic:  5/5        EV:  8    Int:  5    God:
Gold:   42         SH: 10    Dex:  9    Spells: 5/5 levels left

rFire    . . .     SeeInvis .   a - +0 war axe
rCold    . . .     Gourm    .   c - +0 shield
rNeg     . . .     Faith    .   b - +0 scale mail
rPois    .         Spirit   .   (helmet restricted)
rElec    .         Reflect  .   (no cloak)
rCorr    .         Harm     .   (no gloves)
MR       .....                  (no boots)
Stlth    ..........             (no amulet)
HPRegen  0.18/turn              (no ring)
MPRegen  0.09/turn              (no ring)

@: no status effects
A: retaliatory headbutt, horns 2
a: no special abilities


You were on level 5 of the Dungeon.
You were hungry.

You visited 1 branch of the dungeon, and saw 5 of its levels.

You collected 42 gold pieces.

Inventory:

Hand Weapons
 a - a +0 war axe (weapon)
 l - a +0 blowgun
 r - a +0 dagger of protection
Missiles
 o - 18 poisoned needles
 q - 3 tomahawks (quivered)
Armour
 b - a +0 scale mail (worn)
 c - a +0 shield (worn)
Wands
 s - a wand of scattershot (3)
Scrolls
 g - 3 scrolls of noise {unknown}
 i - 2 scrolls of remove curse {unknown}
 j - 2 scrolls of fog {unknown}
 k - a scroll of identify {unknown}
 p - a scroll of amnesia {unknown}
Potions
 d - a potion of lignification {unknown}
 e - 3 potions of haste {unknown}
 h - a potion of heal wounds {unknown}
 m - a potion of berserk rage {unknown}
 n - a potion of curing {unknown}
Comestibles
 f - 5 rations


   Skills:
 + Level 5.5 Fighting
 + Level 4.8 Axes
 + Level 5.5 Armour
 + Level 5.5 Shields


You had 5 spell levels left.
You didn't know any spells.
Your spell library was empty.

Dungeon Overview and Level Annotations

Branches:
Dungeon (5/15)
 Temple: D:4-7

Altars:
Uskayaw

Annotations:
D:5 Prince Ribbit


Innate Abilities, Weirdness & Mutations

You reflexively headbutt those who attack you in melee.
You have a pair of horns on your head.


Message History

You closely miss Prince Ribbit. Your headbutt misses Prince Ribbit.
Prince Ribbit is lightly wounded.
Prince Ribbit blinks!
You barely miss Prince Ribbit.
Prince Ribbit is lightly wounded.
Prince Ribbit blinks!
Prince Ribbit hits you!
You miss Prince Ribbit. Your headbutt misses Prince Ribbit.
Prince Ribbit is lightly wounded.
Prince Ribbit completely misses you. You block Prince Ribbit's attack.
You closely miss Prince Ribbit.
Prince Ribbit is lightly wounded.
Prince Ribbit hits you. Prince Ribbit hits you!
* * * LOW HITPOINT WARNING * * *
You hit Prince Ribbit. You headbutt Prince Ribbit!
Prince Ribbit is severely wounded.
Prince Ribbit hits you!
* * * LOW HITPOINT WARNING * * *
Prince Ribbit hits you.
You die...

###.### #.##.## ######.# #.##.#
#......######.##.#
#.######.......#.# #.#
###.####..#.######## #####.#
##...# #...........##.
#.....###>#.## #...<..........
#.##...#.###.#####.#####.##.###
#.#.....## ##.@.##.# #.##.#
#.#....#.# #.##F#...# #.##.###
#.....###.#.# ......###......>
###.#.# #.# ................
#.#.####.# #..#..#....#.###
#......# . .###....#.#)##
#..#.#.# # #.#.##.......##
#......# #.............
#..#.#.# #####...######


You could see Prince Ribbit.

Vanquished Creatures
  An ogre (D:5)
  A scorpion (D:5)
  A howler monkey (D:4)
  A crimson imp (D:5)
  2 hounds
  An orc wizard (D:4)
  A centaur skeleton (D:4)
  2 worker ants (D:5)
  A hound zombie (D:4)
  A gnoll (D:4)
  An adder (D:5)
  2 oozes
  An adder skeleton (D:5)
  A worm (D:4)
  A leopard gecko (D:1)
  4 orcs (D:4)
  2 goblins (D:1)
  3 hobgoblins
  3 jackals (D:5)
  A quokka (D:5)
  A quokka skeleton (D:4)
  4 rats
36 creatures vanquished.

Notes
Turn   | Place    | Note
-------+----------+-------------------------------------------
     0 | D:1      | teukkam the Minotaur Fighter began the quest for the Orb.
     0 | D:1      | Reached XP level 1. HP: 19/19 MP: 0/0
   157 | D:2      | Reached XP level 2. HP: 27/27 MP: 1/1
   248 | D:4      | Reached XP level 3. HP: 27/33 MP: 2/2
   284 | D:4      | Reached XP level 4. HP: 20/40 MP: 3/3
   396 | D:4      | Reached XP level 5. HP: 38/47 MP: 4/4
   442 | D:4      | Noticed a +0 hand axe
   443 | D:4      | Found a hide-covered altar of Uskayaw.
   443 | D:4      | Noticed a +0 dagger
   508 | D:5      | Entered Level 5 of the Dungeon
   547 | D:5      | Reached skill level 5 in Fighting
   547 | D:5      | Reached skill level 5 in Armour
   547 | D:5      | Reached skill level 5 in Shields
   569 | D:5      | Reached XP level 6. HP: 44/56 MP: 5/5
  1054 | D:5      | Noticed Prince Ribbit
  1064 | D:5      | HP: 1/56 [Prince Ribbit (14)]
  1064 | D:5      | Slain by Prince Ribbit

Skill      XL: |  1  2  3  4  5 |
---------------+----------------+-----
Fighting       | 4 5 |  5.5
Armour         | 4 5 |  5.5
Shields        | 4 5 |  5.5
Axes           | 3 4 |  4.8

Action                   |  1- 3 |  4- 6 || total
-------------------------+-------+-------++-------
Melee: War axe           |    41 |    63 ||   104
       Headbutt          |     8 |    13 ||    21
  Use: Scroll            |     1 |       ||     1
       Potion            |       |     1 ||     1
Armor: Scale mail        |    14 |    21 ||    35
Dodge: Dodged            |    13 |    16 ||    29
Block: Shield            |    13 |    34 ||    47
